 Dungeon Crawl Stone Soup version 0.30-a0-778-g2ef04afb54 (webtiles) character file.

Game seed: 11176464782168281037

52 Smoke131 the Grave Robber (level 3, -1/28 HPs)
             Began as a Ghoul Necromancer on Feb 17, 2023.
             Slain by an endoplasm (3 damage)
             ... on level 2 of the Dungeon.
             The game lasted 00:05:01 (1436 turns).

Smoke131 the Grave Robber (Ghoul Necromancer)       Turns: 1436, Time: 00:05:02

Health: -1/28      AC:  6    Str: 11    XL:     3   Next: 85%
Magic:  0/5        EV: 12    Int: 12    God:
Gold:   198        SH:  0    Dex:  9    Spells: 5/6 levels left

rFire   . . .      SeeInvis .      - Unarmed
rCold   + . .      Faith    .    (no shield)
rNeg    + + +      Spirit   .    a - +0 robe
rPois   ∞          Reflect  .    (no helmet)
rElec   .          Harm     .    (no cloak)
rCorr   .          Rampage  .    (no gloves)
Will    .....                    (no boots)
Stlth   ++                       (no amulet)
HPRegen 0.00/turn                j - +4 ring of protection
MPRegen 0.09/turn                (no ring)

@: about to teleport, inhibited regen
A: claws 1, cold resistance 1, negative energy resistance 3, inhibited
regeneration, torment resistance 2, devour on kill
a: no special abilities


You were on level 2 of the Dungeon.
You visited 1 branch of the dungeon, and saw 2 of its levels.

You collected 198 gold pieces.

Inventory:

Armour
 a - a +0 robe (worn)
Jewellery
 h - a ring of fire
 j - a +4 ring of protection (left claw)
Scrolls
 c - 2 scrolls of amnesia
 d - a scroll of vulnerability {unknown}
 e - a scroll of poison {unknown}
 f - a scroll of noise {unknown}
 g - a scroll of immolation {unknown}
 i - a scroll of teleportation
 k - a scroll of enchant armour {unknown}
 l - a scroll of identify
Potions
 b - a potion of magic


   Skills:
 + Level 1.3 Fighting
 + Level 2.2 Dodging
 - Level 2.1 Stealth
 + Level 1.3 Unarmed Combat
 + Level 2.1 Spellcasting
 + Level 4.3 Necromancy


You had 5 spell levels left.
You knew the following spells:

 Your Spells              Type           Power      Damage    Failure   Level
a - Necrotise             Necr           44%        1d6       4%          1

Your spell library contained the following spells:

 Spells                   Type           Power      Damage    Failure   Level
 Vampiric Draining        Necr           11%        2d6       14%         3
 Animate Dead             Necr           11%        N/A       41%         4
 Agony                    Necr           11%        N/A       77%         5
 Summon Hydra             Summ           0%         N/A       100%        7
 Sublimation of Blood     Necr           Unusable   N/A       N/A         2
 Wereblood                Tmut           Unusable   N/A       N/A         2

Dungeon Overview and Level Annotations

Branches:
Dungeon (2/15)

Altars:


Innate Abilities, Weirdness & Mutations

You are immune to poison.
You have sharp fingernails.
Your flesh is cold resistant. (rC+)
You are immune to negative energy. (rN+++)
You do not regenerate when monsters are visible.
You are immune to unholy pain and torment.
You thrive by killing the living.


Message History

The goblin is heavily wounded.
The rat bites you but does no damage. The endoplasm freezes you.
You are frozen.
You resist.
* * * LOW HITPOINT WARNING * * *
The goblin hits you with a +0 dagger.
* * * LOW HITPOINT WARNING * * *
You closely miss the goblin.
The goblin is heavily wounded.
The rat closely misses you.
The endoplasm hits you but does no damage.
The goblin hits you but does no damage.
Casting: Necrotise (safe; 4% risk of failure)
Confirm with . or Enter, or press ? or * to list all spells.
Aiming: Necrotise (safe; 4% risk of failure)
Press: ? - help, Shift-Dir - straight line, f - goblin
Aim: a goblin, wielding a +0 dagger (heavily wounded, chance to affect: 80%)
The goblin barely resists.
The rat bites you but does no damage. The endoplasm closely misses you.
The goblin hits you with a +0 dagger.
* * * LOW HITPOINT WARNING * * *
As you read the scroll labelled ELEGYARGH LYOCH, it crumbles to dust.
It is a scroll of identify.
c - 2 scrolls of amnesia The rat bites you.
* * * LOW HITPOINT WARNING * * *
The endoplasm barely misses you. The goblin hits you but does no damage.
As you read the scroll labelled MUIHAO XUOZ, it crumbles to dust.
You feel strangely unstable.
It was a scroll of teleportation.
The rat completely misses you. The endoplasm closely misses you.
The goblin barely misses you.
You closely miss the goblin.
The goblin is heavily wounded.
The rat barely misses you. The endoplasm misses you.
The goblin hits you but does no damage.
You scratch the goblin.
You kill the goblin!
You feel better. The rat bites you.
* * * LOW HITPOINT WARNING * * *
The endoplasm hits you.
You die...

## .. .# .#
########.######
###.###rg.?..........
#....)@J####.).#####
#.#.##### ##...# ...
##....# . #.#
######.....## . #.#
#.)............ . #.#
#.............. #.#
#.........###..# #.#
#............(..
###.###.....##..#.#
.>


You could see an endoplasm, a hobgoblin and a rat.

Vanquished Creatures
  Robin (D:2)
  A worm (D:2)
  3 endoplasms (D:1)
  A giant cockroach (D:2)
  2 hobgoblins
  4 kobolds
  2 quokkas
  6 ball pythons
  2 bats
  2 frilled lizards (D:1)
  7 goblins
  5 rats (D:1)
36 creatures vanquished.

Vanquished Creatures (collateral kills)
  A ball python (D:1)
1 creature vanquished.

Grand Total: 37 creatures vanquished

Notes
Turn   | Place    | Note
-------+----------+-------------------------------------------
     0 | D:1      | Smoke131 the Ghoul Necromancer began the quest for the Orb.
     0 | D:1      | Reached XP level 1. HP: 14/14 MP: 2/2
   305 | D:1      | Reached XP level 2. HP: 19/22 MP: 1/3
  1124 | D:2      | Reached skill level 1 in Fighting
  1124 | D:2      | Reached skill level 1 in Unarmed Combat
  1168 | D:2      | Reached XP level 3. HP: 28/28 MP: 5/5
  1403 | D:2      | Noticed Robin
  1429 | D:2      | Killed Robin
  1433 | D:2      | HP: 1/28 [rat (2)]
  1436 | D:2      | Slain by an endoplasm

Illustrated notes

Levels and vault maps discovered:
D:1:      dpeg_arrival_circle_labyrinth_c, layout_loops_ring
D:2:      layout_loops_ring, hangedman_decor_points, uniq_robin

Skill      XL: |  1  2 |
---------------+-------+-----
Dodging        | 2 |  2.2
Spellcasting   | 2 |  2.1
Fighting       | 1 |  1.3
Unarmed Combat | 1 |  1.3
Stealth        | |  2.1
Necromancy     | |  4.3

Action                     || total
---------------------------++-------
  Melee: Unarmed           ||   124
         Punch             ||     1
   Cast: Necrotise         ||    16
    Use: Scroll            ||     2
   Stab: Sleeping          ||     3
 Armour: Robe              ||    38
  Dodge: Dodged            ||    86

Table legend: (Time is in decaauts)
 A = Elapsed time spent in this place.
 B = Non-inter-level travel time spent in this place.
 C = Inter-level travel time spent in this place.
 D = Time resting spent in this place.
 E = Time spent auto-exploring this place.
 F = Levels seen in this place.
 G = Mean time per level.
                   A        B        C        D        E       F      G
               +--------+--------+--------+--------+--------+-----+--------+
         Total |   1433 |   1372 |     61 |    190 |    782 |   2 |  716.5 |
       Dungeon |   1433 |   1372 |     61 |    190 |    782 |   2 |  716.5 |
               +--------+--------+--------+--------+--------+-----+--------+

Top non-repeatable levels by time:
     D:1: 1096 daAuts
     D:2: 337 daAuts
